 Dungeon Sprint DCSS version 0.24.0-125-gc4c63601f3 (webtiles) character file.

Game seed: 8071153072847164303, levelgen mode: deterministic

662 Ponchio the Thaumaturge (level 7, -7/36 HPs)
             Began as a Deep Elf Earth Elementalist on Feb 29, 2020.
             Mangled by a tyrant leech (28 damage)
             ... in the Dungeon (Sprint II: "The Violet Keep of Menkaure").
             The game lasted 00:03:27 (729 turns).

Ponchio the Thaumaturge (DEEE)                       Turns: 729, Time: 00:03:27

Health: -7/36      AC:  2    Str:  5    XL:     7   Next: 30%
Magic:  2/26       EV: 13    Int: 22    God:
Gold:   729        SH:  0    Dex: 15    Spells: 18/33 levels left

rFire    . . .     SeeInvis .   (no weapon)
rCold    . . .     Gourm    .   (no shield)
rNeg     . . .     Faith    .   c - +0 robe
rPois    .         Spirit   .   (no helmet)
rElec    .         Reflect  .   (no cloak)
rCorr    .         Harm     .   (no gloves)
MR       .....     NoTele   +   (no boots)
Stlth    ++........             (no amulet)
HPRegen  0.12/turn              (no ring)
MPRegen  0.20/turn              (no ring)

@: no status effects
A: no striking features
a: no special abilities


You were in the Dungeon.
You were hungry.

You visited 1 branch You collected 729 gold pieces.

Inventory:

Missiles
 b - 14 stones (quivered)
Armour
 c - a +0 robe (worn)
Scrolls
 j - a scroll of blinking
Potions
 e - a potion of curing
 f - a potion of heal wounds
 g - a potion of haste
 h - a potion of magic
 i - a potion of berserk rage
Comestibles
 d - a ration


   Skills:
 - Level 2.4 Dodging
 - Level 2.4 Stealth
 + Level 13.6 Spellcasting
 - Level 1.1 Transmutations
 * Level 13.0 Earth Magic


You had 18 spell levels left.
You knew the following spells:

 Your Spells              Type           Power        Failure   Level  Hunger
a - Sandblast             Erth           ######       1%          1    None
b - Passwall              Tmut/Erth      #####...     1%          2    None
c - Stone Arrow           Conj/Erth      #####.       1%          3    None
d - Petrify               Tmut/Erth      #####...     2%          4    None
e - Lee's Rapid Deconstr  Erth           ######....   1%          5    ###....

Your spell library contained the following spells:

 Spells                   Type           Power        Failure   Level  Hunger


Dungeon Overview and Level Annotations

Branches:
Dungeon (1/1)

Altars:


Message History

There is an open door here.
You see here a tyrant leech corpse.
Casting: Lee's Rapid Deconstruction (safe; 1% risk of failure)
Confirm with . or Enter, or press ? or * to list all spells.
Aiming: Lee's Rapid Deconstruction (safe; 1% risk of failure)
Press: ? - help, Dir - move target cursor A rock wall.
The wall shatters!
The blast of rock fragments hits the tyrant leech!
The tyrant leech is almost dead.
Casting: Lee's Rapid Deconstruction (safe; 1% risk of failure)
Confirm with . or Enter, or press ? or * to list all spells.
Aiming: Sandblast (safe; 1% risk of failure)
Press: ? - help, Shift-Dir - straight line, f - tyrant leech
Aim: a tyrant leech (almost dead)
The blast of sand misses the tyrant leech.
b - 14 stones The tyrant leech bites you!!
Ouch! That really hurt!
You die...

### .#. ###
##.# #'###.#
#..###.##.###
+##.'.<.'##.+
#..###.##...#
##.###'###.##
####.).####
#.w#..#
##.@.## ##+##


You could see a tyrant leech.

Vanquished Creatures
  A merfolk siren (D)
  A tyrant leech (D)
  4 worker ants (D)
  3 worms (D)
9 creatures vanquished.

Vanquished Creatures (others)
  A crocodile (D)
1 creature vanquished.

Grand Total: 10 creatures vanquished

Notes
Turn   | Place    | Note
-------+----------+-------------------------------------------
     0 | D        | Ponchio the Deep Elf Earth Elementalist began the quest for
                  | the Orb.
     0 | D        | Reached XP level 1. HP: 10/10 MP: 6/6
    14 | D        | Reached skill level 5 in Earth Magic
    14 | D        | Reached XP level 2. HP: 6/15 MP: 6/9
   184 | D        | Noticed a merfolk siren
   191 | D        | Killed a merfolk siren
   191 | D        | Reached XP level 3. HP: 14/19 MP: 2/18
   191 | D        | Reached XP level 4. HP: 18/24 MP: 2/20
   191 | D        | Reached XP level 5. HP: 21/28 MP: 2/21
   191 | D        | Reached XP level 6. HP: 24/32 MP: 2/23
   270 | D        | Learned a level 2 spell: Passwall
   274 | D        | Learned a level 3 spell: Stone Arrow
   279 | D        | Learned a level 4 spell: Petrify
   285 | D        | Learned a level 5 spell: Lee's Rapid Deconstruction
   306 | D        | Noticed a tyrant leech
   306 | D        | Noticed a tyrant leech
   600 | D        | Killed a tyrant leech
   600 | D        | Reached XP level 7. HP: 36/36 MP: 2/26
   729 | D        | Mangled by a tyrant leech

Levels and vault maps discovered:
D:        the_violet_keep_of_menkaure [sprint2_stairs_cluster_1,
          sprint2_shoproom, sprint2_temple, sprint2_basic_supplies,
          sprint2_obstacle_6, sprint2_obstacle_5, sprint2_obstacle_3,
          sprint2_obstacle_4, sprint2_obstacle_1, sprint2_timed_cluster_1,
          sprint2_smallroom_cluster_1, sprint2_smallroom_final_cluster_1,
          sprint2_transparent_cluster_1, sprint2_second_timed_cluster_1,
          sprint2_sniper_area_1, sprint2_heavy_combat_area_1,
          sprint2_mutation_trap_area_1, sprint2_forest_area_1,
          sprint2_light_combat_area_1, sprint2_behind_water_1,
          sprint2_near_end_vault_1]

Skill      XL: |  1  2  3  4  5  6 |
---------------+-------------------+-----
Earth Magic    | 5 11 13 | 13.0
Spellcasting   | 4 12 13 | 13.6
Dodging        | |  2.4
Stealth        | |  2.4
Transmutations | |  1.1

Action                   |  1- 3 |  4- 6 |  7- 9 || total
-------------------------+-------+-------+-------++-------
Melee: Unarmed           |     3 |       |       ||     3
 Cast: Sandblast         |    13 |     1 |     2 ||    16
       Lee's Rapid Decon |       |     7 |     5 ||    12
  Use: Potion            |     1 |       |       ||     1
Dodge: Dodged            |     6 |       |       ||     6
